Boston Bruins vs Winnipeg Jets
Created - Monday, April 28, 2025 at 08:42
Goals
|
| Boston Bruins |
2 |
0 |
1 |
3 |
| Winnipeg Jets |
1 |
0 |
1 |
2 |
|
Shots
|
| Boston Bruins |
11 |
12 |
12 |
35 |
| Winnipeg Jets |
8 |
15 |
6 |
29 |
|
1st period
1. Boston Bruins , Andrew Copp 16 (Joel Farabee 29) at 4:20 (PP)
2. Winnipeg Jets , Alexis Lafreniere 27 (Connor McDavid 48, Nate Schmidt 27) at 8:33
3. Boston Bruins , Ryan Strome 17 (Ty Emberson 10, Vincent Trocheck 45) at 19:29 (PP)
Penalties :
Barclay Goodrow (WPG) for Roughing (Minor) at 3:27, Evander Kane (BOS) for High sticking (Minor) at 8:36, Alexis Lafreniere (WPG) for Delaying the game (Minor) at 18:32
2nd period
No Goal
Penalties :
Oliver Ekman-Larsson (WPG) for Slashing (Minor) at 11:43, Joel Armia (WPG) for Holding (Minor) at 14:43, John Ludvig (BOS) for Tripping (Minor) at 18:15, Andrew Copp (BOS) for Tripping (Minor) at 19:04
3rd period
4. Winnipeg Jets , Connor McDavid 24 (Vladislav Namestnikov 14) at 3:28
5. Boston Bruins , Matthew Beniers 11 (Ryan Lindgren 22) at 14:02
Penalties :
Joel Armia (WPG) for Fighting (Major) at 2:10, Ryan Strome (BOS) for Fighting (Major) at 2:10, Vincent Trocheck (BOS) for Interference (Minor) at 3:52, Ty Emberson (BOS) for High sticking (Minor) at 6:15, Dylan Samberg (WPG) for Delaying the game (Minor) at 11:24, Barclay Goodrow (WPG) for Hooking (Minor) at 16:04, Connor Bedard (WPG) for Tripping (Minor) at 16:22
Goalie Stats
Petr Mrazek (BOS), 27 saves from 29 shots - (0.931), W, 27-14-3, 60:00 minutes
Ukko-Pekka Luukkonen (WPG), 32 saves from 35 shots - (0.914), L, 18-13-3, 58:38 minutes
Players Stats for Boston Bruins
Player Name G A P +/- PIM S H SB GA TA FO MP PP MP PK MP
------------------------------------------------------------------------------------
Alex Newhook 0 0 0 -1 0 2 1 1 0 0 1/1 18:05 4:33 1:05
Anders Lee 0 0 0 1 0 1 3 0 0 0 0/0 10:00 0:00 0:00
Andrew Copp 1 0 1 -1 2 2 1 0 0 1 13/21 20:29 5:31 3:15
Angus Crookshank 0 0 0 0 0 0 0 0 0 1 1/1 6:53 0:00 0:00
Connor Clifton 0 0 0 -1 0 0 1 0 0 3 0/0 22:26 5:09 4:25
Eetu Luostarinen 0 0 0 0 0 1 1 0 0 0 2/4 6:53 0:00 0:00
Evander Kane 0 0 0 -1 2 2 4 0 0 0 0/0 17:10 5:31 0:00
Joel Farabee 0 1 1 -1 0 3 1 1 1 0 0/3 20:57 5:31 3:25
John Ludvig 0 0 0 1 2 2 2 1 0 0 0/0 11:50 0:00 1:30
John-Jason Peterka 0 0 0 0 0 2 0 0 0 0 0/2 6:53 0:00 0:00
Matthew Beniers 1 0 1 1 0 5 0 0 0 1 4/8 10:48 0:00 0:00
Morgan Geekie 0 0 0 1 0 2 1 0 0 1 1/2 12:07 0:00 1:59
Ryan Lindgren 0 1 1 -1 0 1 0 0 0 0 0/0 27:21 4:55 4:20
Ryan Strome 1 0 1 -1 5 3 2 0 0 0 2/3 18:40 4:33 2:28
Torey Krug 0 0 0 -1 0 3 3 1 0 0 0/0 27:12 4:55 4:19
Ty Emberson 0 1 1 -1 2 2 1 2 0 0 0/0 21:45 5:09 3:37
Vincent Trocheck 0 1 1 -1 2 3 3 0 2 1 11/22 20:17 4:33 3:26
Yegor Zamula 0 0 0 1 0 1 0 0 0 0 0/0 10:13 0:00 0:00
Players Stats for Winnipeg Jets
Player Name G A P +/- PIM S H SB GA TA FO MP PP MP PK MP
------------------------------------------------------------------------------------
Adam Lowry 0 0 0 0 0 0 0 0 0 0 4/9 13:35 0:04 3:31
Alexis Lafreniere 1 0 1 2 2 6 0 1 3 0 3/8 20:12 4:31 3:15
Andre Burakovsky 0 0 0 -1 0 3 0 0 0 0 0/1 7:11 0:00 0:00
Barclay Goodrow 0 0 0 0 4 1 2 1 1 0 0/0 12:11 1:20 0:21
Connor Bedard 0 0 0 0 2 3 1 1 0 1 13/20 19:26 4:00 4:08
Connor McDavid 1 1 2 2 0 7 0 0 1 0 8/14 21:52 4:21 5:04
Dylan Samberg 0 0 0 0 2 0 1 3 0 0 0/0 22:18 4:41 4:32
Haydn Fleury 0 0 0 -1 0 0 0 0 1 0 0/0 15:38 0:00 0:14
Jason Zucker 0 0 0 0 0 3 3 0 0 0 0/3 12:49 0:28 2:02
Joel Armia 0 0 0 0 7 0 2 0 2 0 1/2 13:51 3:00 0:00
Mason Appleton 0 0 0 0 0 4 0 0 0 0 0/0 15:15 4:01 0:00
Michael Kesselring 0 0 0 0 0 1 3 0 0 1 0/0 16:09 0:00 3:04
Nate Schmidt 0 1 1 1 0 0 0 1 0 0 0/0 23:40 4:04 4:37
Oliver Ekman-Larsson 0 0 0 2 2 0 1 1 0 0 0/0 19:07 4:04 2:14
Olli Maatta 0 0 0 0 0 0 0 2 0 1 0/0 23:14 4:41 5:27
Ridly Greig 0 0 0 -1 0 0 1 0 0 0 2/8 7:11 0:00 0:00
Taylor Hall 0 0 0 -1 0 0 2 0 0 0 0/0 7:55 0:24 0:05
Vladislav Namestnikov 0 1 1 2 0 1 1 0 0 0 1/2 16:33 4:06 0:00
3 Stars
1 - Connor McDavid (WPG)
2 - Matthew Beniers (BOS)
3 - Alexis Lafreniere (WPG)
Power Play
Boston Bruins - 2 on 7 Attempt(s) - 28.57%
Winnipeg Jets - 0 on 5 Attempt(s) - 0.00%
Penalty Kill
Boston Bruins - 5 on 5 Attempt(s) - 100.00%
- Score 0 goal in Penalty Kill
Winnipeg Jets - 5 on 7 Attempt(s) - 71.43%
- Score 0 goal in Penalty Kill
Team Stat
Boston Bruins - Hits : 24 - Faceoff Wins : 35 - Blocked Shots : 6 - Penalty Minutes : 15
Winnipeg Jets - Hits : 17 - Faceoff Wins : 32 - Blocked Shots : 10 - Penalty Minutes : 19
Official
Referees : Tom Chmielewski and Graham Skilliter
Linesman : Devin Berg and Steve Barton
Game Notes
4:20 of 1st period - Boston Bruins goal is going for a video replay. After video review, Goal.
Ryan Strome beats up Joel Armia at 2:10 of 3rd period
Oliver Ekman-Larsson is injured at 12:14 of 3rd period (Sore Left Knee)
Finance
Level 1 -- Attendance: 5667 (94.45%) -- Ticket Income $521,364
Level 2 -- Attendance: 4280 (85.60%) -- Ticket Income $235,400
Level 3 -- Attendance: 3000 (100.00%) -- Ticket Income $90,000
Level 4 -- Attendance: 4606 (92.12%) -- Ticket Income $101,332
Luxury Box -- Attendance: 958 (95.80%) -- Ticket Income $182,020
Game was played at the MTS Centre.
Total Attendance: 18511 (92.56%)
Total Ticket Income: $1,130,116
Other Income: $395,541
Total Income: $1,525,657
Boston Bruins
5 vs 5 Forward
Center Left Wing Right Wing Time % Phy DF OF
1 Vincent Trocheck Alex Newhook Ryan Strome 30 1 2 2
2 Andrew Copp Evander Kane Joel Farabee 30 1 2 2
3 Matthew Beniers Anders Lee Morgan Geekie 25 1 2 2
4 Eetu Luostarinen Angus Crookshank John-Jason Peterka 15 1 2 2
5 vs 5 Defense
Defense Defense Time % Phy DF OF
1 Torey Krug Ryan Lindgren 30 1 2 2
2 Connor Clifton Ty Emberson 30 1 2 2
3 Yegor Zamula John Ludvig 25 1 2 2
4 Torey Krug Ryan Lindgren 15 1 2 2
PowerPlay Forward
Center Left Wing Right Wing Time % Phy DF OF
1 Vincent Trocheck Alex Newhook Ryan Strome 50 1 2 2
2 Andrew Copp Evander Kane Joel Farabee 50 1 2 2
PowerPlay Defense
Defense Defense Time % Phy DF OF
1 Torey Krug Ryan Lindgren 50 1 2 2
2 Connor Clifton Ty Emberson 50 1 2 2
Penalty Kill 4 Players Forward
Center Wing Time % Phy DF OF
1 Vincent Trocheck Andrew Copp 50 1 2 2
2 Ryan Strome Joel Farabee 50 1 2 2
Penalty Kill 4 Players Defense
Defense Defense Time % Phy DF OF
1 Torey Krug Ryan Lindgren 50 1 2 2
2 Connor Clifton Ty Emberson 50 1 2 2
Penalty Kill - 3 Players Forward
Forward Time % Phy DF OF
1 Vincent Trocheck 50 1 2 2
2 Ryan Strome 50 1 2 2
Penalty Kill - 3 Players Defense
Defense Defense Time % Phy DF OF
1 Torey Krug Ryan Lindgren 50 1 2 2
2 Connor Clifton Ty Emberson 50 1 2 2
4 vs 4 Forward
Center Wing Time % Phy DF OF
1 Vincent Trocheck Anders Lee 50 1 2 2
2 Ryan Strome Joel Farabee 50 1 2 2
4 vs 4 Defense
Defense Defense Time % Phy DF OF
1 Torey Krug John Ludvig 50 1 2 2
2 Connor Clifton Ty Emberson 50 1 2 2
Last Minutes Offensive
Center Left Wing Right Wing Defense Defense
Vincent Trocheck Alex Newhook Ryan Strome Torey Krug Ryan Lindgren
Last Minutes Defensive
Center Left Wing Right Wing Defense Defense
Vincent Trocheck Alex Newhook Ryan Strome Torey Krug Ryan Lindgren
Goaltenders
Starting : Petr Mrazek
Backup : Pyotr Kochetkov
Extra Forwards
Normal : Matthew Beniers, Anders Lee, Morgan Geekie - PP : Matthew Beniers, Anders Lee - PK : Morgan Geekie
Extra Defensemen
Normal : Torey Krug, John Ludvig, Connor Clifton - PP : Torey Krug - PK : John Ludvig, Connor Clifton
Penalty Shots
Vincent Trocheck, Matthew Beniers, Ryan Strome, Joel Farabee, Andrew Copp
Scratches
Anthony Beauvillier (Healthy), Drew O'Connor (Healthy), Alex Vlasic (Healthy), Beck Malenstyn (Healthy), Viktor Arvidsson (Healthy)
Winnipeg Jets
5 vs 5 Forward
Center Left Wing Right Wing Time % Phy DF OF
1 Connor McDavid Alexis Lafreniere Vladislav Namestnikov 30 1 2 2
2 Connor Bedard Joel Armia Mason Appleton 30 1 2 2
3 Adam Lowry Barclay Goodrow Jason Zucker 25 1 2 2
4 Ridly Greig Taylor Hall Andre Burakovsky 15 1 2 2
5 vs 5 Defense
Defense Defense Time % Phy DF OF
1 Oliver Ekman-Larsson Nate Schmidt 35 1 2 2
2 Dylan Samberg Olli Maatta 35 1 2 2
3 Haydn Fleury Michael Kesselring 30 1 2 2
4 Oliver Ekman-Larsson Nate Schmidt 0 1 2 2
PowerPlay Forward
Center Left Wing Right Wing Time % Phy DF OF
1 Connor McDavid Alexis Lafreniere Vladislav Namestnikov 50 1 2 2
2 Connor Bedard Joel Armia Mason Appleton 50 1 2 2
PowerPlay Defense
Defense Defense Time % Phy DF OF
1 Oliver Ekman-Larsson Nate Schmidt 50 1 2 2
2 Dylan Samberg Olli Maatta 50 1 2 2
Penalty Kill 4 Players Forward
Center Wing Time % Phy DF OF
1 Connor McDavid Connor Bedard 50 1 2 2
2 Alexis Lafreniere Adam Lowry 50 1 2 2
Penalty Kill 4 Players Defense
Defense Defense Time % Phy DF OF
1 Oliver Ekman-Larsson Nate Schmidt 50 1 2 2
2 Dylan Samberg Olli Maatta 50 1 2 2
Penalty Kill - 3 Players Forward
Forward Time % Phy DF OF
1 Connor McDavid 50 1 2 2
2 Connor Bedard 50 1 2 2
Penalty Kill - 3 Players Defense
Defense Defense Time % Phy DF OF
1 Oliver Ekman-Larsson Nate Schmidt 50 1 2 2
2 Dylan Samberg Olli Maatta 50 1 2 2
4 vs 4 Forward
Center Wing Time % Phy DF OF
1 Connor McDavid Connor Bedard 50 1 2 2
2 Alexis Lafreniere Adam Lowry 50 1 2 2
4 vs 4 Defense
Defense Defense Time % Phy DF OF
1 Oliver Ekman-Larsson Nate Schmidt 50 1 2 2
2 Dylan Samberg Olli Maatta 50 1 2 2
Last Minutes Offensive
Center Left Wing Right Wing Defense Defense
Connor McDavid Alexis Lafreniere Vladislav Namestnikov Oliver Ekman-Larsson Nate Schmidt
Last Minutes Defensive
Center Left Wing Right Wing Defense Defense
Connor McDavid Alexis Lafreniere Vladislav Namestnikov Oliver Ekman-Larsson Nate Schmidt
Goaltenders
Starting : Ukko-Pekka Luukkonen
Backup : Yaroslav Askarov
Extra Forwards
Normal : Connor McDavid, Barclay Goodrow, Jason Zucker - PP : Connor McDavid, Barclay Goodrow - PK : Jason Zucker
Extra Defensemen
Normal : Haydn Fleury, Michael Kesselring, Dylan Samberg - PP : Haydn Fleury - PK : Michael Kesselring, Dylan Samberg
Penalty Shots
Connor McDavid, Connor Bedard, Alexis Lafreniere, Adam Lowry, Vladislav Namestnikov
Scratches
Sam Steel (Healthy), Brayden Pachal (Healthy), Martin Jones (Healthy)
% Time on Ice - Boston Bruins
Lines # - Real PCT - Wanted PCT - Time Play
Normal Forward
1 - 28% - 30% - 11:12
2 - 30% - 30% - 12:09
3 - 25% - 25% - 10:00
4 - 17% - 15% - 6:53
Normal Defense
1 - 31% - 30% - 12:35
2 - 32% - 30% - 13:00
3 - 25% - 25% - 10:13
4 - 11% - 15% - 4:26
PP Forward
1 - 45% - 50% - 4:33
2 - 55% - 50% - 5:31
PP Defense
1 - 49% - 50% - 4:55
2 - 51% - 50% - 5:09
PK Forward
1 - 52% - 50% - 3:57
2 - 48% - 50% - 3:38
PK Defense
1 - 41% - 50% - 3:05
2 - 59% - 50% - 4:30
PK3 Forward
1 - 49% - 50% - 0:34
2 - 51% - 50% - 0:36
PK3 Defense
1 - 67% - 50% - 0:47
2 - 33% - 50% - 0:23
44 Forward
1 - 0% - 50%
2 - 0% - 50%
44 Defense
1 - 0% - 50%
2 - 0% - 50%
Last Minute Offensive - 0:00
Last Minute Defensive - 0:57
Total
Forward - 60:00
Defense - 60:00
|
% Time on Ice - Winnipeg Jets
Lines # - Real PCT - Wanted PCT - Time Play
Normal Forward
1 - 29% - 30% - 11:29
2 - 29% - 30% - 11:33
3 - 25% - 25% - 10:00
4 - 18% - 15% - 7:11
Normal Defense
1 - 35% - 35% - 14:01
2 - 33% - 35% - 13:06
3 - 33% - 30% - 13:06
4 - 0% - 0% - 0:00
PP Forward
1 - 49% - 50% - 4:16
2 - 51% - 50% - 4:29
PP Defense
1 - 46% - 50% - 4:04
2 - 54% - 50% - 4:41
PK Forward
1 - 52% - 50% - 4:21
2 - 48% - 50% - 4:02
PK Defense
1 - 44% - 50% - 3:42
2 - 56% - 50% - 4:41
PK3 Forward
1 - 43% - 50% - 0:43
2 - 57% - 50% - 0:58
PK3 Defense
1 - 54% - 50% - 0:55
2 - 46% - 50% - 0:46
44 Forward
1 - 0% - 50%
2 - 0% - 50%
44 Defense
1 - 0% - 50%
2 - 0% - 50%
Last Minute Offensive - 0:58
Last Minute Defensive - 0:00
Total
Forward - 60:00
Defense - 60:00
|
Play-by-Play
1st period
0:01 of 1st period - Connor McDavid wins face-off versus Vincent Trocheck in neutral zone.
0:12 of 1st period - Snap shot by Alexis Lafreniere.
0:12 of 1st period - Stopped by Petr Mrazek without a rebound.
0:13 of 1st period - Connor Bedard wins face-off versus Joel Farabee in Boston Bruins zone.
0:16 of 1st period - Snap shot by Connor Bedard.
0:16 of 1st period - Stopped by Petr Mrazek with a rebound.
0:40 of 1st period - Matthew Beniers is hit by Barclay Goodrow and loses puck.
0:48 of 1st period - Off-side.
0:49 of 1st period - Eetu Luostarinen wins face-off versus Andre Burakovsky in neutral zone.
1:20 of 1st period - Snap shot by Connor McDavid.
1:20 of 1st period - Stopped by Petr Mrazek with a rebound.
1:22 of 1st period - Slapshot by Haydn Fleury.
1:22 of 1st period - Shot Blocked by John Ludvig.
1:54 of 1st period - Adam Lowry is hit by Morgan Geekie and loses puck.
2:27 of 1st period - Eetu Luostarinen is hit by Vladislav Namestnikov and loses puck.
2:38 of 1st period - Slapshot by Alexis Lafreniere.
2:38 of 1st period - Shot Misses the Net.
2:50 of 1st period - Connor Clifton is hit by Michael Kesselring.
3:27 of 1st period - Minor Penalty to Barclay Goodrow for Roughing.
3:28 of 1st period - Vincent Trocheck wins face-off versus Connor McDavid in Winnipeg Jets zone.
3:53 of 1st period - Snap shot by Alexis Lafreniere.
3:53 of 1st period - Stopped by Petr Mrazek without a rebound.
3:54 of 1st period - Adam Lowry wins face-off versus Joel Farabee in Boston Bruins zone.
4:06 of 1st period - Icing by Andrew Copp.
4:07 of 1st period - Andrew Copp wins face-off versus Connor McDavid in Boston Bruins zone.
4:14 of 1st period - Wrist shot by Evander Kane.
4:14 of 1st period - Shot Misses the Net.
4:16 of 1st period - Slapshot by Ryan Lindgren.
4:16 of 1st period - Deflect By Joel Farabee.
4:16 of 1st period - Shot Blocked by Connor Bedard.
4:16 of 1st period - Puck is out of play.
4:17 of 1st period - Andrew Copp wins face-off versus Alexis Lafreniere in Winnipeg Jets zone.
4:18 of 1st period - Snap shot by Joel Farabee.
4:18 of 1st period - Shot Misses the Net.
4:20 of 1st period - Snap shot by Andrew Copp.
4:20 of 1st period - Boston Bruins goal is going for a video replay.
4:20 of 1st period - The goal is good.
4:20 of 1st period - Goal by Andrew Copp - Boston Bruins : 1 - Winnipeg Jets : 0.
4:21 of 1st period - Connor Bedard wins face-off versus Andrew Copp in neutral zone.
4:46 of 1st period - Evander Kane is hit by Barclay Goodrow and loses puck.
5:37 of 1st period - Vladislav Namestnikov is hit by Vincent Trocheck and loses puck.
6:04 of 1st period - Slapshot by Anders Lee.
6:04 of 1st period - Stopped by Ukko-Pekka Luukkonen with a rebound.
6:42 of 1st period - Wrist shot by Andre Burakovsky.
6:42 of 1st period - Stopped by Petr Mrazek with a rebound.
7:14 of 1st period - Slapshot by Morgan Geekie.
7:14 of 1st period - Deflect By Eetu Luostarinen.
7:14 of 1st period - Shot Misses the Net.
7:14 of 1st period - Puck is out of play.
7:15 of 1st period - Connor Bedard wins face-off versus John-Jason Peterka in Winnipeg Jets zone.
7:20 of 1st period - Snap shot by John-Jason Peterka.
7:20 of 1st period - Stopped by Ukko-Pekka Luukkonen without a rebound.
7:21 of 1st period - Connor McDavid wins face-off versus Vincent Trocheck in Winnipeg Jets zone.
7:44 of 1st period - Nate Schmidt is hit by Vincent Trocheck and loses puck.
8:29 of 1st period - Wrist shot by Connor McDavid.
8:29 of 1st period - Shot Misses the Net.
8:31 of 1st period - Snap shot by Connor McDavid.
8:31 of 1st period - Stopped by Petr Mrazek with a rebound.
8:33 of 1st period - Snap shot by Alexis Lafreniere.
8:33 of 1st period - Goal by Alexis Lafreniere - Boston Bruins : 1 - Winnipeg Jets : 1.
8:34 of 1st period - Andrew Copp wins face-off versus Connor Bedard in neutral zone.
8:36 of 1st period - Minor Penalty to Evander Kane for High sticking.
8:37 of 1st period - Vincent Trocheck wins face-off versus Connor Bedard in Boston Bruins zone.
10:36 of 1st period - Penalty to Evander Kane is over, Evander Kane is back on ice.
11:03 of 1st period - Torey Krug is hit by Taylor Hall and loses puck.
11:26 of 1st period - Slapshot by Jason Zucker.
11:26 of 1st period - Stopped by Petr Mrazek without a rebound.
11:27 of 1st period - Andrew Copp wins face-off versus Adam Lowry in Boston Bruins zone.
11:52 of 1st period - Nate Schmidt is hit by John Ludvig and loses puck.
12:03 of 1st period - Slapshot by Vincent Trocheck.
12:03 of 1st period - Shot Misses the Net.
12:25 of 1st period - Nate Schmidt is hit by Torey Krug and loses puck.
12:43 of 1st period - Icing by Olli Maatta.
12:44 of 1st period - Connor Bedard wins face-off versus Matthew Beniers in Winnipeg Jets zone.
12:53 of 1st period - Connor Bedard is hit by Anders Lee and loses puck.
12:58 of 1st period - Wrist shot by Matthew Beniers.
12:58 of 1st period - Shot Misses the Net.
13:00 of 1st period - Wrist shot by John Ludvig.
13:00 of 1st period - Stopped by Ukko-Pekka Luukkonen with a rebound.
14:38 of 1st period - Wrist shot by Joel Farabee.
14:38 of 1st period - Stopped by Ukko-Pekka Luukkonen with a rebound.
14:54 of 1st period - Mason Appleton is hit by Eetu Luostarinen and loses puck.
15:25 of 1st period - Backhand shot by Ridly Greig.
15:25 of 1st period - Shot Blocked by Alex Newhook.
16:03 of 1st period - Evander Kane is hit by Dylan Samberg and loses puck.
16:53 of 1st period - Wrist shot by Matthew Beniers.
16:53 of 1st period - Stopped by Ukko-Pekka Luukkonen without a rebound.
16:54 of 1st period - Joel Armia wins face-off versus Andrew Copp in Winnipeg Jets zone.
16:56 of 1st period - Icing by Connor Bedard.
16:57 of 1st period - Connor Bedard wins face-off versus Andrew Copp in Winnipeg Jets zone.
17:12 of 1st period - Snap shot by Connor Bedard.
17:12 of 1st period - Shot Misses the Net.
17:21 of 1st period - Icing by Nate Schmidt.
17:22 of 1st period - Vincent Trocheck wins face-off versus Connor Bedard in Winnipeg Jets zone.
17:23 of 1st period - Snap shot by Ryan Strome.
17:23 of 1st period - Shot Misses the Net.
17:29 of 1st period - Snap shot by Vincent Trocheck.
17:29 of 1st period - Shot Misses the Net.
17:39 of 1st period - Wrist shot by Alex Newhook.
17:39 of 1st period - Shot Blocked by Oliver Ekman-Larsson.
18:09 of 1st period - Slapshot by Matthew Beniers.
18:09 of 1st period - Stopped by Ukko-Pekka Luukkonen without a rebound.
18:10 of 1st period - Connor McDavid wins face-off versus Matthew Beniers in Winnipeg Jets zone.
18:22 of 1st period - Snap shot by Anders Lee.
18:22 of 1st period - Shot Misses the Net.
18:24 of 1st period - Wrist shot by Morgan Geekie.
18:24 of 1st period - Stopped by Ukko-Pekka Luukkonen with a rebound.
18:26 of 1st period - Snap shot by Matthew Beniers.
18:26 of 1st period - Shot Blocked by Dylan Samberg.
18:32 of 1st period - Minor Penalty to Alexis Lafreniere for Delaying the game.
18:33 of 1st period - Alex Newhook wins face-off versus Jason Zucker in Winnipeg Jets zone.
18:36 of 1st period - Snap shot by Alex Newhook.
18:36 of 1st period - Stopped by Ukko-Pekka Luukkonen with a rebound.
19:21 of 1st period - Slapshot by Ryan Strome.
19:21 of 1st period - Shot Blocked by Dylan Samberg.
19:23 of 1st period - Slapshot by Ty Emberson.
19:23 of 1st period - Shot Misses the Net.
19:25 of 1st period - Slapshot by Ty Emberson.
19:25 of 1st period - Stopped by Ukko-Pekka Luukkonen with a rebound.
19:27 of 1st period - Snap shot by Ryan Strome.
19:27 of 1st period - Shot Misses the Net.
19:29 of 1st period - Wrist shot by Ryan Strome.
19:29 of 1st period - Goal by Ryan Strome - Boston Bruins : 2 - Winnipeg Jets : 1.
19:30 of 1st period - Andrew Copp wins face-off versus Adam Lowry in neutral zone.
19:33 of 1st period - Adam Lowry is hit by Evander Kane and loses puck.
Goals for this period are 2 for Boston Bruins vs 1 for Winnipeg Jets.
Shots for this period are 11 for Boston Bruins vs 8 for Winnipeg Jets.
2nd period
0:01 of 2nd period - Vincent Trocheck wins face-off versus Connor Bedard in neutral zone.
0:14 of 2nd period - Snap shot by Ryan Strome.
0:14 of 2nd period - Shot Blocked by Dylan Samberg.
0:33 of 2nd period - Slapshot by Connor McDavid.
0:33 of 2nd period - Stopped by Petr Mrazek with a rebound.
0:35 of 2nd period - Slapshot by Dylan Samberg.
0:35 of 2nd period - Shot Misses the Net.
0:37 of 2nd period - Snap shot by Connor McDavid.
0:37 of 2nd period - Stopped by Petr Mrazek with a rebound.
0:41 of 2nd period - Snap shot by Connor McDavid.
0:41 of 2nd period - Shot Blocked by Joel Farabee.
0:48 of 2nd period - Icing by Evander Kane.
0:49 of 2nd period - Matthew Beniers wins face-off versus Adam Lowry in Boston Bruins zone.
0:49 of 2nd period - Matthew Beniers is hit by Michael Kesselring.
2:07 of 2nd period - Snap shot by Jason Zucker.
2:07 of 2nd period - Stopped by Petr Mrazek without a rebound.
2:08 of 2nd period - Connor Bedard wins face-off versus Vincent Trocheck in Boston Bruins zone.
2:45 of 2nd period - Wrist shot by Anders Lee.
2:45 of 2nd period - Shot Misses the Net.
3:00 of 2nd period - Icing by Olli Maatta.
3:01 of 2nd period - Connor Bedard wins face-off versus Vincent Trocheck in Winnipeg Jets zone.
3:14 of 2nd period - Wrist shot by Connor Bedard.
3:14 of 2nd period - Shot Misses the Net.
4:41 of 2nd period - Snap shot by Jason Zucker.
4:41 of 2nd period - Shot Misses the Net.
4:57 of 2nd period - Haydn Fleury is hit by John Ludvig and loses puck.
5:04 of 2nd period - Snap shot by Matthew Beniers.
5:04 of 2nd period - Stopped by Ukko-Pekka Luukkonen without a rebound.
5:05 of 2nd period - Andrew Copp wins face-off versus Adam Lowry in Winnipeg Jets zone.
5:31 of 2nd period - Connor McDavid is hit by Alex Newhook and loses puck.
6:03 of 2nd period - Backhand shot by Alexis Lafreniere.
6:03 of 2nd period - Shot Misses the Net.
6:05 of 2nd period - Wrist shot by Connor McDavid.
6:05 of 2nd period - Stopped by Petr Mrazek without a rebound.
6:06 of 2nd period - Andrew Copp wins face-off versus Adam Lowry in Boston Bruins zone.
6:19 of 2nd period - Slapshot by Joel Farabee.
6:19 of 2nd period - Stopped by Ukko-Pekka Luukkonen without a rebound.
6:20 of 2nd period - Vincent Trocheck wins face-off versus Ridly Greig in Winnipeg Jets zone.
6:23 of 2nd period - Backhand shot by Vincent Trocheck.
6:23 of 2nd period - Stopped by Ukko-Pekka Luukkonen with a rebound.
6:25 of 2nd period - Slapshot by Ryan Lindgren.
6:25 of 2nd period - Stopped by Ukko-Pekka Luukkonen with a rebound.
6:27 of 2nd period - Slapshot by Torey Krug.
6:27 of 2nd period - Stopped by Ukko-Pekka Luukkonen with a rebound.
6:33 of 2nd period - Snap shot by Vincent Trocheck.
6:33 of 2nd period - Stopped by Ukko-Pekka Luukkonen with a rebound.
6:35 of 2nd period - Snap shot by Alex Newhook.
6:35 of 2nd period - Stopped by Ukko-Pekka Luukkonen with a rebound.
6:37 of 2nd period - Snap shot by Ryan Strome.
6:37 of 2nd period - Stopped by Ukko-Pekka Luukkonen without a rebound.
6:38 of 2nd period - Alexis Lafreniere wins face-off versus Andrew Copp in Winnipeg Jets zone.
8:45 of 2nd period - Icing by Joel Armia.
8:46 of 2nd period - Connor Bedard wins face-off versus Vincent Trocheck in Winnipeg Jets zone.
8:46 of 2nd period - Connor Bedard is hit by Ryan Strome.
8:58 of 2nd period - Ryan Lindgren is hit by Joel Armia and loses puck.
9:03 of 2nd period - Snap shot by Connor Bedard.
9:03 of 2nd period - Stopped by Petr Mrazek without a rebound.
9:04 of 2nd period - Adam Lowry wins face-off versus Andrew Copp in Boston Bruins zone.
9:28 of 2nd period - Joel Farabee is hit by Jason Zucker and loses puck.
9:33 of 2nd period - Snap shot by Jason Zucker.
9:33 of 2nd period - Shot Misses the Net.
9:35 of 2nd period - Slapshot by Jason Zucker.
9:35 of 2nd period - Stopped by Petr Mrazek with a rebound.
9:37 of 2nd period - Wrist shot by Adam Lowry.
9:37 of 2nd period - Shot Misses the Net.
9:53 of 2nd period - John Ludvig is hit by Jason Zucker and loses puck.
10:06 of 2nd period - Wrist shot by Barclay Goodrow.
10:06 of 2nd period - Stopped by Petr Mrazek without a rebound.
10:07 of 2nd period - Vladislav Namestnikov wins face-off versus Matthew Beniers in Boston Bruins zone.
10:10 of 2nd period - Snap shot by Alexis Lafreniere.
10:10 of 2nd period - Shot Blocked by Torey Krug.
10:22 of 2nd period - Wrist shot by Morgan Geekie.
10:22 of 2nd period - Stopped by Ukko-Pekka Luukkonen without a rebound.
10:23 of 2nd period - Connor Bedard wins face-off versus Vincent Trocheck in Winnipeg Jets zone.
10:23 of 2nd period - Connor Bedard is hit by Vincent Trocheck.
10:59 of 2nd period - Wrist shot by Alexis Lafreniere.
10:59 of 2nd period - Stopped by Petr Mrazek without a rebound.
11:00 of 2nd period - Angus Crookshank wins face-off versus Ridly Greig in Boston Bruins zone.
11:08 of 2nd period - Off-side.
11:09 of 2nd period - Eetu Luostarinen wins face-off versus Ridly Greig in neutral zone.
11:12 of 2nd period - Wrist shot by John-Jason Peterka.
11:12 of 2nd period - Stopped by Ukko-Pekka Luukkonen with a rebound.
11:14 of 2nd period - Slapshot by John Ludvig.
11:14 of 2nd period - Stopped by Ukko-Pekka Luukkonen with a rebound.
11:16 of 2nd period - Wrist shot by Eetu Luostarinen.
11:16 of 2nd period - Stopped by Ukko-Pekka Luukkonen without a rebound.
11:17 of 2nd period - Vincent Trocheck wins face-off versus Connor McDavid in Winnipeg Jets zone.
11:34 of 2nd period - Wrist shot by Connor McDavid.
11:34 of 2nd period - Deflect By Alexis Lafreniere.
11:34 of 2nd period - Stopped by Petr Mrazek with a rebound.
11:43 of 2nd period - Minor Penalty to Oliver Ekman-Larsson for Slashing.
11:44 of 2nd period - Andrew Copp wins face-off versus Alexis Lafreniere in Winnipeg Jets zone.
11:48 of 2nd period - Wrist shot by Evander Kane.
11:48 of 2nd period - Shot Blocked by Alexis Lafreniere.
12:10 of 2nd period - Torey Krug is hit by Michael Kesselring and loses puck.
13:07 of 2nd period - Nate Schmidt is hit by Evander Kane and loses puck.
13:43 of 2nd period - Penalty to Oliver Ekman-Larsson is over, Oliver Ekman-Larsson is back on ice.
14:17 of 2nd period - Oliver Ekman-Larsson is hit by Anders Lee.
14:37 of 2nd period - Wrist shot by Eetu Luostarinen.
14:37 of 2nd period - Shot Misses the Net.
14:43 of 2nd period - Minor Penalty to Joel Armia for Holding.
14:44 of 2nd period - Ryan Strome wins face-off versus Alexis Lafreniere in Winnipeg Jets zone.
16:34 of 2nd period - Oliver Ekman-Larsson is hit by Andrew Copp and loses puck.
16:43 of 2nd period - Penalty to Joel Armia is over, Joel Armia is back on ice.
16:59 of 2nd period - Matthew Beniers is hit by Taylor Hall and loses puck.
17:12 of 2nd period - Snap shot by Connor Bedard.
17:12 of 2nd period - Stopped by Petr Mrazek without a rebound.
17:13 of 2nd period - Connor Bedard wins face-off versus John-Jason Peterka in Boston Bruins zone.
17:14 of 2nd period - Snap shot by Mason Appleton.
17:14 of 2nd period - Stopped by Petr Mrazek with a rebound.
17:16 of 2nd period - Slapshot by Michael Kesselring.
17:16 of 2nd period - Stopped by Petr Mrazek with a rebound.
17:20 of 2nd period - Wrist shot by Mason Appleton.
17:20 of 2nd period - Deflect By Eetu Luostarinen.
17:20 of 2nd period - Stopped by Petr Mrazek without a rebound.
17:21 of 2nd period - Connor McDavid wins face-off versus Joel Farabee in Boston Bruins zone.
17:22 of 2nd period - Slapshot by Alexis Lafreniere.
17:22 of 2nd period - Stopped by Petr Mrazek with a rebound.
18:15 of 2nd period - Minor Penalty to John Ludvig for Tripping.
18:16 of 2nd period - Vincent Trocheck wins face-off versus Vladislav Namestnikov in Boston Bruins zone.
19:04 of 2nd period - Minor Penalty to Andrew Copp for Tripping.
19:05 of 2nd period - Connor McDavid wins face-off versus Vincent Trocheck in Boston Bruins zone.
19:18 of 2nd period - Wrist shot by Connor McDavid.
19:18 of 2nd period - Stopped by Petr Mrazek with a rebound.
19:20 of 2nd period - Slapshot by Dylan Samberg.
19:20 of 2nd period - Shot Misses the Net.
19:22 of 2nd period - Backhand shot by Alexis Lafreniere.
19:22 of 2nd period - Shot Misses the Net.
Goals for this period are 0 for Boston Bruins vs 0 for Winnipeg Jets.
Shots for this period are 12 for Boston Bruins vs 15 for Winnipeg Jets.
3rd period
0:01 of 3rd period - Connor Bedard wins face-off versus Ryan Strome in neutral zone.
0:04 of 3rd period - Snap shot by Mason Appleton.
0:04 of 3rd period - Stopped by Petr Mrazek without a rebound.
0:05 of 3rd period - Ryan Strome wins face-off versus Connor Bedard in Boston Bruins zone.
0:15 of 3rd period - Penalty to John Ludvig is over, John Ludvig is back on ice.
1:04 of 3rd period - Penalty to Andrew Copp is over, Andrew Copp is back on ice.
2:08 of 3rd period - Snap shot by Vladislav Namestnikov.
2:08 of 3rd period - Stopped by Petr Mrazek without a rebound.
2:09 of 3rd period - Connor Bedard wins face-off versus Vincent Trocheck in Boston Bruins zone.
2:10 of 3rd period - Snap shot by Mason Appleton.
2:10 of 3rd period - Stopped by Petr Mrazek without a rebound.
2:10 of 3rd period - Ryan Strome beats up Joel Armia.
2:10 of 3rd period - Penalty to Joel Armia for Fighting.
2:10 of 3rd period - Penalty to Ryan Strome for Fighting.
2:11 of 3rd period - Connor McDavid wins face-off versus Vincent Trocheck in Boston Bruins zone.
2:38 of 3rd period - Nate Schmidt is hit by Evander Kane and loses puck.
2:50 of 3rd period - Off-side.
2:51 of 3rd period - Ridly Greig wins face-off versus Eetu Luostarinen in neutral zone.
3:21 of 3rd period - Snap shot by Evander Kane.
3:21 of 3rd period - Stopped by Ukko-Pekka Luukkonen without a rebound.
3:22 of 3rd period - Connor McDavid wins face-off versus Andrew Copp in Winnipeg Jets zone.
3:22 of 3rd period - Connor McDavid is hit by Evander Kane.
3:28 of 3rd period - Slapshot by Connor McDavid.
3:28 of 3rd period - Goal by Connor McDavid - Boston Bruins : 2 - Winnipeg Jets : 2.
3:29 of 3rd period - Vincent Trocheck wins face-off versus Connor McDavid in neutral zone.
3:52 of 3rd period - Minor Penalty to Vincent Trocheck for Interference.
3:53 of 3rd period - Alexis Lafreniere wins face-off versus Morgan Geekie in Boston Bruins zone.
4:48 of 3rd period - Snap shot by Connor McDavid.
4:48 of 3rd period - Shot Blocked by Ty Emberson.
4:50 of 3rd period - Wrist shot by Alexis Lafreniere.
4:50 of 3rd period - Shot Misses the Net.
4:56 of 3rd period - Wrist shot by Alexis Lafreniere.
4:56 of 3rd period - Deflect By Alex Newhook.
4:56 of 3rd period - Shot Misses the Net.
4:56 of 3rd period - Puck is out of play.
4:57 of 3rd period - Morgan Geekie wins face-off versus Connor Bedard in Boston Bruins zone.
5:52 of 3rd period - Penalty to Vincent Trocheck is over, Vincent Trocheck is back on ice.
5:54 of 3rd period - Vincent Trocheck is hit by Jason Zucker and loses puck.
6:07 of 3rd period - Wrist shot by Joel Farabee.
6:07 of 3rd period - Shot Misses the Net.
6:15 of 3rd period - Minor Penalty to Ty Emberson for High sticking.
6:16 of 3rd period - Vincent Trocheck wins face-off versus Connor McDavid in Boston Bruins zone.
6:42 of 3rd period - Vincent Trocheck is hit by Connor Bedard and loses puck.
7:10 of 3rd period - Penalty to Ryan Strome is over, Ryan Strome is back on ice.
7:45 of 3rd period - Dylan Samberg is hit by Connor Clifton and loses puck.
8:15 of 3rd period - Penalty to Ty Emberson is over, Ty Emberson is back on ice.
8:22 of 3rd period - Snap shot by Andre Burakovsky.
8:22 of 3rd period - Stopped by Petr Mrazek without a rebound.
8:23 of 3rd period - Matthew Beniers wins face-off versus Ridly Greig in Boston Bruins zone.
8:29 of 3rd period - Off-side.
8:30 of 3rd period - Matthew Beniers wins face-off versus Connor Bedard in neutral zone.
9:19 of 3rd period - Joel Farabee is hit by Oliver Ekman-Larsson.
10:02 of 3rd period - Snap shot by Matthew Beniers.
10:02 of 3rd period - Stopped by Ukko-Pekka Luukkonen with a rebound.
10:04 of 3rd period - Slapshot by Morgan Geekie.
10:04 of 3rd period - Shot Misses the Net.
10:42 of 3rd period - Off-side.
10:43 of 3rd period - Adam Lowry wins face-off versus Andrew Copp in neutral zone.
10:45 of 3rd period - Olli Maatta is hit by Ty Emberson and loses puck.
10:56 of 3rd period - Jason Zucker is hit by Joel Farabee and loses puck.
11:24 of 3rd period - Minor Penalty to Dylan Samberg for Delaying the game.
11:25 of 3rd period - Connor Bedard wins face-off versus Vincent Trocheck in Winnipeg Jets zone.
11:35 of 3rd period - Wrist shot by Vincent Trocheck.
11:35 of 3rd period - Stopped by Ukko-Pekka Luukkonen with a rebound.
11:37 of 3rd period - Slapshot by Torey Krug.
11:37 of 3rd period - Stopped by Ukko-Pekka Luukkonen with a rebound.
11:39 of 3rd period - Snap shot by Ryan Strome.
11:39 of 3rd period - Stopped by Ukko-Pekka Luukkonen with a rebound.
11:41 of 3rd period - Wrist shot by Ryan Strome.
11:41 of 3rd period - Deflect By Vincent Trocheck.
11:41 of 3rd period - Shot Misses the Net.
11:41 of 3rd period - Puck is out of play.
11:42 of 3rd period - Andrew Copp wins face-off versus Alexis Lafreniere in Winnipeg Jets zone.
11:45 of 3rd period - Wrist shot by Andrew Copp.
11:45 of 3rd period - Stopped by Ukko-Pekka Luukkonen with a rebound.
12:13 of 3rd period - Oliver Ekman-Larsson is hit by Ryan Strome and loses puck.
12:14 of 3rd period - Oliver Ekman-Larsson from Winnipeg Jets is injured at 12:14 of 3rd period (Sore Left Knee).
12:15 of 3rd period - Andrew Copp wins face-off versus Alexis Lafreniere in Winnipeg Jets zone.
13:24 of 3rd period - Penalty to Dylan Samberg is over, Dylan Samberg is back on ice.
13:27 of 3rd period - Icing by Ty Emberson.
13:28 of 3rd period - Ridly Greig wins face-off versus Vincent Trocheck in Boston Bruins zone.
13:31 of 3rd period - Wrist shot by Andre Burakovsky.
13:31 of 3rd period - Stopped by Petr Mrazek without a rebound.
13:32 of 3rd period - Andrew Copp wins face-off versus Ridly Greig in Boston Bruins zone.
13:45 of 3rd period - Wrist shot by Joel Farabee.
13:45 of 3rd period - Stopped by Ukko-Pekka Luukkonen with a rebound.
13:47 of 3rd period - Slapshot by Torey Krug.
13:47 of 3rd period - Stopped by Ukko-Pekka Luukkonen with a rebound.
13:57 of 3rd period - Ridly Greig is hit by Torey Krug and loses puck.
14:02 of 3rd period - Wrist shot by Matthew Beniers.
14:02 of 3rd period - Goal by Matthew Beniers - Boston Bruins : 3 - Winnipeg Jets : 2.
14:03 of 3rd period - Vincent Trocheck wins face-off versus Joel Armia in neutral zone.
14:10 of 3rd period - Alex Newhook is hit by Joel Armia and loses puck.
14:17 of 3rd period - Dylan Samberg is hit by Torey Krug and loses puck.
15:41 of 3rd period - Snap shot by Evander Kane.
15:41 of 3rd period - Shot Misses the Net.
15:43 of 3rd period - Slapshot by Joel Farabee.
15:43 of 3rd period - Shot Blocked by Nate Schmidt.
15:45 of 3rd period - Backhand shot by Ty Emberson.
15:45 of 3rd period - Stopped by Ukko-Pekka Luukkonen without a rebound.
15:46 of 3rd period - Adam Lowry wins face-off versus Matthew Beniers in Winnipeg Jets zone.
15:46 of 3rd period - Adam Lowry is hit by Anders Lee.
16:04 of 3rd period - Minor Penalty to Barclay Goodrow for Hooking.
16:05 of 3rd period - Alexis Lafreniere wins face-off versus Andrew Copp in Winnipeg Jets zone.
16:22 of 3rd period - Minor Penalty to Connor Bedard for Tripping.
16:23 of 3rd period - Andrew Copp wins face-off versus Connor McDavid in Winnipeg Jets zone.
16:37 of 3rd period - Snap shot by Evander Kane.
16:37 of 3rd period - Stopped by Ukko-Pekka Luukkonen without a rebound.
16:38 of 3rd period - Vincent Trocheck wins face-off versus Jason Zucker in Winnipeg Jets zone.
17:03 of 3rd period - Slapshot by Nate Schmidt.
17:03 of 3rd period - Deflect By Connor McDavid.
17:03 of 3rd period - Shot Blocked by Ty Emberson.
17:03 of 3rd period - Puck is out of play.
17:04 of 3rd period - Andrew Copp wins face-off versus Jason Zucker in Boston Bruins zone.
17:17 of 3rd period - Wrist shot by Andrew Copp.
17:17 of 3rd period - Shot Misses the Net.
17:49 of 3rd period - Snap shot by Evander Kane.
17:49 of 3rd period - Shot Misses the Net.
17:51 of 3rd period - Snap shot by Andrew Copp.
17:51 of 3rd period - Shot Misses the Net.
17:57 of 3rd period - Snap shot by Joel Farabee.
17:57 of 3rd period - Shot Blocked by Olli Maatta.
17:59 of 3rd period - Wrist shot by Ryan Lindgren.
17:59 of 3rd period - Shot Blocked by Olli Maatta.
18:04 of 3rd period - Penalty to Barclay Goodrow is over, Barclay Goodrow is back on ice.
18:22 of 3rd period - Penalty to Connor Bedard is over, Connor Bedard is back on ice.
18:23 of 3rd period - Snap shot by Joel Farabee.
18:23 of 3rd period - Shot Blocked by Barclay Goodrow.
18:25 of 3rd period - Slapshot by Yegor Zamula.
18:25 of 3rd period - Stopped by Ukko-Pekka Luukkonen without a rebound.
18:26 of 3rd period - Matthew Beniers wins face-off versus Ridly Greig in Winnipeg Jets zone.
18:29 of 3rd period - Wrist shot by Matthew Beniers.
18:29 of 3rd period - Shot Misses the Net.
18:35 of 3rd period - Matthew Beniers is hit by Ridly Greig and loses puck.
18:38 of 3rd period - Winnipeg Jets, Ukko-Pekka Luukkonen is pulled from the net.
18:40 of 3rd period - Slapshot by Andre Burakovsky.
18:40 of 3rd period - Deflect By Anders Lee.
18:40 of 3rd period - Shot Misses the Net.
18:40 of 3rd period - Puck is out of play.
18:41 of 3rd period - Connor McDavid wins face-off versus Eetu Luostarinen in Boston Bruins zone.
Goals for this period are 1 for Boston Bruins vs 1 for Winnipeg Jets.
Shots for this period are 12 for Boston Bruins vs 6 for Winnipeg Jets.
Back to the Top